 Dungeon Crawl Stone Soup version 0.28.0-49-g6dfe1f597d (webtiles) character file.

Game seed: 9734922691957044013

79 nickcage the Slasher (level 4, -1/39 HPs)
             Began as a Palentonga Monk on May 16, 2022.
             Slain by a gnoll
             ... wielding a +0 spear
              (6 damage)
             ... on level 2 of the Dungeon.
             The game lasted 00:04:21 (1903 turns).

nickcage the Slasher (Palentonga Monk)              Turns: 1903, Time: 00:04:21

Health: -1/39      AC:  5    Str: 16    XL:     4   Next: 17%
Magic:  4/4        EV: 10    Int: 17    God:
Gold:   35         SH:  0    Dex: 12    Spells: 3/3 levels left

rFire   . . .      SeeInvis +   j - +0 morningstar
rCold   . . .      Faith    .   (no shield)
rNeg    . . .      Spirit   .   b - +0 robe
rPois   .          Reflect  .   (no helmet)
rElec   .          Harm     .   (no cloak)
rCorr   .          Rampage  .   g - +0 pair of gloves
Will    .....                   (no barding)
Stlth   ++........              (no amulet)
HPRegen 0.13/turn               f - +6 ring of intelligence
MPRegen 0.09/turn               (no ring)

@: no status effects
A: large, rugged brown scales 3, see invisible, deformed body, roll 1, armoured
tail
a: Rolling Charge


You were on level 2 of the Dungeon.
You visited 1 branch of the dungeon, and saw 2 of its levels.

You collected 35 gold pieces.

Inventory:

Hand Weapons
 a - a +0 falchion
 j - a +0 morningstar (weapon)
 n - a +3 dagger of venom
Armour
 b - a +0 robe (worn)
 g - a +0 pair of gloves (worn)
Jewellery
 f - a +6 ring of intelligence (left hand)
Scrolls
 l - a scroll of identify {unknown}
Potions
 c - 2 potions of curing {unknown}
 d - a potion of attraction {unknown}
 e - a potion of lignification {unknown}
 h - 2 potions of brilliance {unknown}
 i - 2 potions of degeneration {unknown}
 k - a potion of ambrosia {unknown}
 m - a potion of heal wounds {unknown}
 o - a potion of flight {unknown}


   Skills:
 - Level 3.7 Fighting
 - Level 4.2 Long Blades
 * Level 1.1 Maces & Flails
 - Level 2.4 Dodging
 - Level 1.2 Stealth


You had 3 spell levels left.
You didn't know any spells.
Your spell library was empty.

Dungeon Overview and Level Annotations

Branches:
Dungeon (2/15)

Altars:


Innate Abilities, Weirdness & Mutations

You are completely covered in rugged brown scales. (AC +3, +7% HP)
You have supernaturally acute eyesight. (SInv)
Armour fits poorly on your strangely shaped body.
You can roll at nearby foes to attack.
You have a long armoured tail.


Message History

The ball python bites you.
You hit the ball python.
You kill the ball python!
No target in view!
Things that are here:
a +0 dagger; 4 stones
There is a stone staircase leading up, spattered with blood here.
You see here a +0 club.
There is a stone staircase leading up here.
A gnoll comes into view.
It is wielding a +0 spear. 2 gnolls come into view.
The gnoll shouts!
The gnoll closely misses you. The gnoll hits you but does no damage.
The gnoll shouts!
The gnoll misses you. The gnoll barely misses you.
The gnoll hits you from afar with a +0 halberd.
The gnoll completely misses you. The gnoll barely misses you.
The gnoll hits you from afar with a +0 spear.
You hit the gnoll but do no damage. The gnoll hits you with a +0 halberd.
The gnoll hits you from afar with a +0 spear.
The gnoll closely misses you.
You barely miss the gnoll. The gnoll closely misses you.
The gnoll barely misses you.
The gnoll hits you from afar with a +0 spear!
You are too injured to fight recklessly!
You are too injured to fight recklessly!
You puncture the gnoll!
The gnoll is severely wounded.
The gnoll hits you with a +0 halberd!
* * * LOW HITPOINT WARNING * * *
The gnoll hits you from afar with a +0 spear.
* * * LOW HITPOINT WARNING * * *
You hit the gnoll.
You kill the gnoll!
The gnoll misses you.
The gnoll hits you from afar with a +0 spear.
You die...

#### ...#### #... ......# #.#.
......# ###.#. ......######
##..... ......†....#### #.....#
......####....#############.....#
#...............@)gg............#
###.....######.####........#....#
#####..>.###...##............##
####...###..#.......##...# ######
#####.####.#.......##...#
.....###.....<.................#
.........###..####........##...#
#####..######.............#..#.#
.....#.......#####........#.#..#


You could see 2 gnolls.

Vanquished Creatures
  2 adders
  2 gnolls
  A worm (D:2)
  10 ball pythons
  5 endoplasms
  3 giant cockroaches
  4 goblins
  3 hobgoblins
  5 kobolds
  A quokka (D:2)
  3 bats (D:1)
  4 frilled lizards
  6 rats
49 creatures vanquished.

Notes
Turn   | Place    | Note
-------+----------+-------------------------------------------
     0 | D:1      | nickcage the Palentonga Monk began the quest for the Orb.
     0 | D:1      | Reached XP level 1. HP: 19/19 MP: 1/1
   119 | D:1      | Reached XP level 2. HP: 25/25 MP: 2/2
   773 | D:1      | Reached XP level 3. HP: 31/31 MP: 3/3
   942 | D:1      | Reached skill level 4 in Long Blades
  1061 | D:1      | Found a faded altar of an unknown god.
  1604 | D:2      | Reached XP level 4. HP: 38/39 MP: 4/4
  1797 | D:2      | Reached skill level 1 in Maces & Flails
  1903 | D:2      | Slain by a gnoll

Illustrated notes

Levels and vault maps discovered:
D:1:      roderic_crossed_star, layout_loops_cross,
          shapermc_ecumenical_altar_hornbeckon
D:2:      layout_rooms, kennysheep_generic_room_3, uniq_crazy_yiuf_cottage

Skill      XL: |  1  2  3  4 |
---------------+-------------+-----
Long Blades    | 4 |  4.2
Maces & Flails | 1 |  1.1
Fighting       | |  3.7
Dodging        | |  2.4
Stealth        | |  1.2

Action                   |  1- 3 |  4- 6 || total
-------------------------+-------+-------++-------
Melee: Falchion          |    75 |       ||    75
       Tailslap          |     8 |     1 ||     9
       Punch             |     1 |       ||     1
       Morningstar       |    26 |    24 ||    50
 Stab: Sleeping          |     2 |     4 ||     6
Armor: Robe              |    44 |     6 ||    50
Dodge: Dodged            |    67 |    18 ||    85
